[Event "Team 45 45 League T49"]
[Site "Internet Chess Club"]
[Date "2011.06.14"]
[Round "5"]
[White "juniorVishy"]
[Black "bmw2002"]
[Result "0-1"]
[WhiteElo "1649"]
[BlackElo "1588"]
[Opening "King's Indian: 4.e4"]
[ECO "E70"]
[Time "18:31:28"]
[TimeControl "2700+45"]

1. d4 Nf6 2. c4 g6 3. Nc3 Bg7 4. e4 d6 5. a3 a5 6. Be2 O-O 7. Nf3 e5 8. d5 Na6
9. Bg5 h6 10. Bh4 Bd7 11. Nd2 Qc8 12. O-O g5 13. Bg3 Nh7 14. Bd3 Nc5 15. Bc2 f5
16. exf5 Bxf5 17. Nde4 Nxe4 18. Bxe4 Nf6 19. f3 h5 20. Qc2 Nxe4 21. fxe4 Bg6 22.
Rxf8+ Bxf8 23. Rf1 Bg7 24. Qd2 Qg4 25. Qd1 Qxd1 26. Rxd1 Rb8 27. Kf2 h4 28. Re1
hxg3+ 29. Kxg3 c6 30. Kg4 Bh6 31. Re2 Rf8 32. g3 Be8 33. Kh3 Kg7 34. g4 Bd7 35.
Kg3 Rf4 36. h3 Kg6 37. a4 Bf8 38. Rf2 Bg7 39. Re2 Bf6 40. Rf2 Be8 41. b3 Bd8 42.
Ne2 Rxf2 43. Kxf2 cxd5 44. cxd5 b5 45. Nc3 bxa4 46. bxa4 Bb6+ 47. Ke2 Bd4 48.
Nb5 Bxb5+ 49. axb5 a4 50. b6 Bxb6 51. Kd3 Bc5 52. Kc2 a3 53. Kb1 Kf7 54. Ka2 Ke8
55. Kb3 Kd7 56. Ka2 Kc7 57. Kb3 Kb6 58. h4 gxh4 59. g5 h3 60. g6 h2 61. g7 h1=Q
62. g8=Q Qd1+ 63. Kc3 Qd4+ 64. Kc2 Qxe4+ 65. Kc3 Qe3+ 66. Kc2 Qf2+ 67. Kb3 Qb2+
68. Kc4 Qb4+ 69. Kd3 Qb1+ 70. Ke2 Qc2+ 71. Kf3 Qf2+ 72. Ke4 Qe3+ 73. Kf5 Qf4+
74. Ke6 Qh6+ 75. Ke7 Qh4+ 76. Ke6 Qh3+ 77. Ke7 Kb5 78. Qe8+ Kc4 79. Qa4+ Kc3 80.
Qa5+ Kc2 81. Qa4+ Kb2 82. Qb5+ Qb3 83. Qe2+ Qc2 84. Qb5+ Kc3 85. Qa5+ Kc4 86.
Qa6+ Kd4 87. Qa5 a2 88. Qe1 Kc4 89. Qf1+ Qd3 90. Qc1+ Kxd5 91. Qh1+ Kc4 92. Qc1+
Qc3 93. Qf1+ Kb4 94. Qf4+ exf4 {White resigns} 0-1

[Event "Team 45 45 League T49"]
[Site "Internet Chess Club"]
[Date "2011.06.11"]
[Round "5"]
[White "BrerRabbit"]
[Black "zigzag2002"]
[Result "1-0"]
[WhiteElo "1529"]
[BlackElo "1703"]
[Opening "English: symmetrical variation"]
[ECO "A30"]
[Time "19:03:52"]
[TimeControl "2700+45"]

1. c4 c5 2. g3 e6 3. Bg2 Nf6 4. Nf3 d5 5. O-O Nc6 6. b3 Bd6 7. Bb2 O-O 8. e3 Bd7
9. Nc3 a6 10. Ne2 Qc7 11. d4 b6 12. Rc1 Ne4 13. cxd5 exd5 14. dxc5 Nxc5 15. Qxd5
Nb4 16. Qd4 f6 17. Qxb4 a5 18. Qd4 Bb5 19. Rfe1 Rad8 20. Qc3 Qd7 21. Ned4 Nd3
22. Nxb5 Qxb5 23. Ba1 Bb4 24. Qc4+ Qxc4 25. bxc4 Nxe1 26. Nxe1 Bd2 27. Rb1 Bb4
28. Bd5+ Kh8 29. Nd3 Bc5 30. Nxc5 bxc5 31. Rb5 Rb8 32. a4 Rxb5 33. cxb5 Rd8 34.
e4 f5 35. f3 c4 36. Kf2 Rc8 37. Bc3 fxe4 38. Bxe4 Kg8 39. b6 {Black resigns} 1-0

[Event "Team 45 45 League T49"]
[Site "Internet Chess Club"]
[Date "2011.06.13"]
[Round "5"]
[White "cys456"]
[Black "AlPearson"]
[Result "1-0"]
[WhiteElo "1528"]
[BlackElo "1405"]
[Opening "Caro-Kann defense"]
[ECO "B10"]
[Time "19:09:12"]
[TimeControl "2700+45"]

1. e4 c6 2. Nf3 d5 3. e5 Bg4 4. d4 e6 5. Nc3 Ne7 6. h3 Bxf3 7. Qxf3 Nd7 8. Bd3
c5 9. Be3 c4 10. Be2 Qb6 11. Rb1 Nf5 12. Qf4 Nxe3 13. Qxe3 Be7 14. O-O O-O 15.
Rfd1 Rae8 16. b3 cxb3 17. Rxb3 Qc7 18. Rdb1 Nb6 19. a4 h6 20. a5 Nc4 21. Bxc4
dxc4 22. Rxb7 Qxa5 23. R7b5 Qd8 24. Ra1 f6 25. Rxa7 fxe5 26. dxe5 Bg5 27. Rbb7
Bxe3 28. Rxg7+ Kh8 29. Rh7+ Kg8 30. Rag7# {Black checkmated} 1-0

[Event "Team 45 45 League T49"]
[Site "Internet Chess Club"]
[Date "2011.06.11"]
[Round "5"]
[White "Nakke"]
[Black "kidviper"]
[Result "0-1"]
[WhiteElo "1781"]
[BlackElo "1949"]
[Opening "French: Fort Knox variation"]
[ECO "C03"]
[Time "13:01:13"]
[TimeControl "2700+45"]

1. e4 e6 2. d4 d5 3. Nd2 dxe4 4. Nxe4 Bd7 5. Nf3 Bc6 6. Bd3 Nd7 7. O-O Ngf6 8.
Qe2 Be7 9. Re1 O-O 10. Neg5 Kh8 11. Ne5 Nxe5 12. dxe5 Qd5 13. f4 Nd7 14. c4 Qa5
15. Nxh7 g6 16. Nxf8 Rxf8 17. Be3 Kg7 18. a3 Nb6 19. b4 Bxb4 20. axb4 Qxb4 21.
Bxb6 axb6 22. g4 Rh8 23. Qe3 Qb2 24. Be2 Rh4 25. Rab1 Rxg4+ 26. Kf1 Qa2 27. Rbd1
Rg2 28. Rd2 Qa5 29. h3 Rh2 30. f5 exf5 31. e6 Rh1+ 32. Kf2 Rh2+ 33. Kg1 Rh1+ 34.
Kf2 Rh2+ 35. Kg3 Rg2+ 36. Kh4 Qa8 37. Qe5+ f6 38. Qxc7+ Kh6 {White forfeits on
time} 0-1

[Event "Team 45 45 League T49"]
[Site "Internet Chess Club"]
[Date "2011.06.11"]
[Round "5"]
[White "Achelous"]
[Black "Nobak"]
[Result "0-1"]
[WhiteElo "1774"]
[BlackElo "1487"]
[Opening "French: Tarrasch"]
[ECO "C03"]
[Time "19:00:09"]
[TimeControl "2700+45"]

1. e4 e6 2. d4 d5 3. Nd2 Bd7 4. Ngf3 Bb4 5. c3 Bf8 6. Bd3 Ne7 7. O-O Ng6 8. Re1
dxe4 9. Nxe4 Bc6 10. Qe2 Nd7 11. Nfg5 Nf6 12. Nxf7 Kxf7 13. Ng5+ Ke8 14. Nxe6
Qd7 15. Nxc7+ Kd8 16. Nxa8 Bd6 17. Be3 Ng4 18. h3 Nh2 19. Kh1 Bxg2+ 20. Kxg2
Nh4+ 21. Kh1 Qc6+ 22. d5 Qxd5+ 23. Kg1 Qg2# {White checkmated} 0-1

[Event "Team 45 45 League T49"]
[Site "Internet Chess Club"]
[Date "2011.06.11"]
[Round "5"]
[White "IanT"]
[Black "BaumDeezy"]
[Result "0-1"]
[WhiteElo "1291"]
[BlackElo "1553"]
[Opening "Caro-Kann: Panov-Botvinnik attack"]
[ECO "B13"]
[Time "21:07:36"]
[TimeControl "2700+45"]

1. e4 c6 2. d4 d5 3. exd5 cxd5 4. c4 Nf6 5. Nc3 Nc6 6. Nf3 Bg4 7. Be3 e6 8. Bd3
Bxf3 9. Qxf3 Bb4 10. O-O O-O 11. Rfd1 Rc8 12. Rac1 dxc4 13. Bxc4 a6 14. Bb3 Qd7
15. a3 Bxc3 16. Rxc3 Ne7 17. Bg5 Ned5 18. Bxd5 Nxd5 19. Rcc1 Rxc1 20. Rxc1 Rc8
21. Rxc8+ Qxc8 22. Qg3 Qc7 23. Qxc7 Nxc7 24. Kf1 f6 25. Bf4 Nd5 26. Bd6 Nb6 27.
Bc5 Nd7 28. Ke2 Kf7 29. Ke3 e5 30. Bb4 Ke6 31. Ke4 f5+ 32. Ke3 e4 33. f3 exf3
34. gxf3 Nb6 35. Bc5 Nc4+ 36. Kf4 Nxb2 37. Kg5 f4 38. h4 Nd3 39. Bf8 Kf7 40. Bd6
Ke6 41. Bxf4 Nxf4 42. Kxf4 Kd5 43. Ke3 b5 44. h5 a5 45. h6 g6 46. f4 b4 47. axb4
axb4 48. Kd3 b3 49. Kc3 b2 50. Kxb2 Kxd4 51. Kc2 Ke4 52. Kd2 Kxf4 53. Ke2 Kg5
54. Kf3 Kxh6 55. Kg4 Kg7 56. Kg5 Kf7 57. Kh6 Kf6 58. Kxh7 g5 59. Kh6 g4 60. Kh5
g3 61. Kh4 g2 62. Kh3 g1=Q 63. Kh4 Kf5 64. Kh5 Qg5# {White checkmated} 0-1

[Event "Team 45 45 League T49"]
[Site "Internet Chess Club"]
[Date "2011.06.13"]
[Round "5"]
[White "kingsrook"]
[Black "dabodhi"]
[Result "1-0"]
[WhiteElo "1316"]
[BlackElo "1190"]
[Opening "QGD Slav: 4.e3 Bf5"]
[ECO "D12"]
[Time "20:00:21"]
[TimeControl "2700+45"]

1. d4 d5 2. Nf3 Bf5 3. e3 Nf6 4. c4 c6 5. cxd5 Qxd5 6. Nc3 Qd8 7. Bd3 Bxd3 8.
Qxd3 e6 9. O-O Be7 10. e4 O-O 11. e5 Nd5 12. a3 h6 13. Bd2 Nd7 14. Rac1 Rc8 15.
Rfe1 a6 16. Nxd5 cxd5 17. Rxc8 Qxc8 18. Rc1 Qb8 19. Qc3 Nb6 20. Qc7 Qxc7 21.
Rxc7 Bg5 22. Nxg5 hxg5 23. Bxg5 Rb8 24. b3 Rc8 25. Rxb7 f6 26. exf6 gxf6 27. Be3
Na8 28. g4 Nc7 29. a4 Ne8 30. Rb6 Kg7 31. Rxe6 Kg6 32. h4 Kf7 33. Rxa6 Rc3 34.
Rb6 Ke7 35. h5 Nd6 36. a5 Rc2 37. h6 Rc8 38. Bf4 Nf7 39. a6 Rc1+ {Black resigns}
1-0

[Event "Team 45 45 League T49"]
[Site "Internet Chess Club"]
[Date "2011.06.10"]
[Round "5"]
[White "JustinSane"]
[Black "Cryptochess"]
[Result "1-0"]
[WhiteElo "2220"]
[BlackElo "2052"]
[Opening "Queen's pawn: London system"]
[ECO "A45"]
[Time "19:48:14"]
[TimeControl "2700+45"]

1. d4 Nf6 2. Bf4 e6 3. e3 c5 4. c3 b6 5. Nd2 Bb7 6. Ngf3 Be7 7. h3 O-O 8. Bd3
Nc6 9. O-O cxd4 10. exd4 d6 11. Qe2 Re8 12. Rfe1 Bf8 13. Ba6 Bxa6 14. Qxa6 e5
15. Bg5 h6 16. Bh4 g5 17. Bg3 e4 18. Nh2 d5 19. Qe2 Ne7 20. Ndf1 Nf5 21. Ne3 Ng7
22. Be5 Bd6 23. Nhg4 Nxg4 24. Nxg4 Bxe5 25. Nxh6+ Kf8 26. dxe5 Rxe5 27. Ng4 Re6
28. Rad1 Rd6 29. Qb5 Ne6 30. Ne3 Nf4 31. Nf5 Rf6 32. Qb4+ Kg8 33. Ne7+ Kg7 34.
Nxd5 Nxd5 35. Qd4 Kh6 36. Qxd5 Qxd5 37. Rxd5 Re8 38. Re3 Kg6 39. Rd7 a6 40. f3
Rfe6 41. Rxe4 Rxe4 42. fxe4 Rxe4 43. Rd6+ Kf5 44. Rxb6 Re2 45. Kf1 Rc2 46. a4
Kf4 47. Rf6+ Kg3 48. Rf3+ Kh2 49. Rf2 Rc1+ 50. Ke2 Kg3 51. Rxf7 Kxg2 52. Rg7
Kxh3 53. Rxg5 Rc2+ 54. Kd3 Rxb2 55. Kc4 Kh4 56. Rg6 a5 57. Ra6 Kg4 58. Rxa5 Kf4
59. Rb5 Ra2 60. Rb4 Ke5 61. Kc5 Ke6 62. Kc6 Ke7 63. Kc7 Ke6 64. c4 Ke5 65. c5
Kd5 66. c6 Rc2 67. Kb7 Kd6 68. Rb6 Rc5 69. c7+ Kd7 70. Kb8 Rh5 71. c8=Q+ {Black
resigns} 1-0

[Event "Team 45 45 League T49"]
[Site "Internet Chess Club"]
[Date "2011.06.18"]
[Round "5"]
[White "DARKwizard1"]
[Black "Malcolm"]
[Result "0-1"]
[WhiteElo "1928"]
[BlackElo "1772"]
[Opening "Scandinavian (center counter) defense"]
[ECO "B01"]
[Time "11:00:44"]
[TimeControl "2700+45"]

1. e4 d5 2. exd5 Qxd5 3. Nc3 Qa5 4. d4 Nf6 5. Bd3 Nc6 6. Ne2 Bg4 7. f3 Bf5 8. d5
Bxd3 9. dxc6 Ba6 10. cxb7 Bxb7 11. Be3 Rd8 12. Qc1 e5 13. O-O Be7 14. Bf2 O-O
15. Qe3 a6 16. a3 c6 17. Qa7 Qc7 18. Bb6 Qb8 19. Qxb8 Rxb8 20. Bc7 Bc5+ 21. Kh1
Rbe8 22. b4 Re7 23. Ba5 Ba7 24. Ng3 Nd5 25. Nce4 f5 26. Nd6 Ne3 27. Rfc1 Ba8 28.
c4 Bd4 29. Ra2 c5 30. b5 Rd7 31. Ndxf5 Nxf5 32. Nxf5 Rxf5 33. a4 axb5 34. axb5
Rdf7 35. Be1 Bb7 36. Bg3 e4 37. f4 Be3 38. Rd1 Bxf4 {White resigns} 0-1

[Event "Team 45 45 League T49"]
[Site "Internet Chess Club"]
[Date "2011.06.11"]
[Round "5"]
[White "fileman"]
[Black "gerailen0075"]
[Result "0-1"]
[WhiteElo "1878"]
[BlackElo "1983"]
[Opening "French: exchange variation"]
[ECO "C01"]
[Time "09:05:04"]
[TimeControl "2700+45"]

1. d4 e6 2. e4 d5 3. exd5 exd5 4. Nf3 Bg4 5. Be2 Nc6 6. O-O Bd6 7. c4 dxc4 8.
Bxc4 Qd7 9. Re1+ Nge7 10. Nc3 O-O 11. d5 Bxf3 12. Qxf3 Ne5 13. Qe2 Nxc4 14. Qxc4
c6 15. dxc6 Nxc6 16. Be3 Ne5 17. Qb5 Qg4 18. Qe2 Qg6 19. Bf4 Nd3 20. Bxd6 Nxe1
21. Rxe1 Qxd6 22. Qg4 Rfe8 23. Ne4 Rad8 24. h3 Qe5 25. f4 Qd4+ {White resigns}
0-1

[Event "Team 45 45 League T49"]
[Site "Internet Chess Club"]
[Date "2011.06.11"]
[Round "5"]
[White "RamRock"]
[Black "Plattner"]
[Result "0-1"]
[WhiteElo "1760"]
[BlackElo "1743"]
[Opening "Sicilian"]
[ECO "B50"]
[Time "11:02:35"]
[TimeControl "2700+45"]

1. e4 c5 2. Nf3 d6 3. Bc4 Nc6 4. h3 Nf6 5. Nc3 e6 6. d4 cxd4 7. Nxd4 Be7 8. O-O
O-O 9. Be3 a6 10. a4 Qc7 11. Qe2 Bd7 12. f4 Rac8 13. Nxc6 Bxc6 14. Bd3 d5 15. e5
Ne4 16. Bxe4 dxe4 17. Rfd1 Bb4 18. Nxe4 Bxe4 19. Rd4 Bxg2 20. Rxb4 Bxh3 21. c3
Bf5 22. Qf3 Qe7 23. Rxb7 Qh4 24. Bf2 Qh6 25. Rd1 Qg6+ 26. Qg3 Bg4 27. Rdd7 h5
28. Qd3 Qh6 29. Qg3 Rc4 30. Rd4 Rxd4 31. Bxd4 Qg6 32. Rb6 h4 33. Qg2 h3 34. Qf2
Qb1+ 35. Kh2 Bf5 36. Qg1 Qc2+ 37. Qf2 Qxa4 38. Qe2 a5 39. b3 Qa1 40. Qf2 Qd1 41.
c4 a4 42. c5 a3 43. c6 Rc8 44. c7 Be4 45. Rb8 Qh1+ 46. Kg3 Bb7 47. b4 Qc6 48.
Rxc8+ Bxc8 49. Kxh3 Qxc7 50. Qa2 Qc1 51. Kg3 Bb7 52. Ba1 Bd5 53. Qf2 Qxa1 54.
Qb6 Qh1 55. f5 Qf3+ {White resigns} 0-1

[Event "Team 45 45 League T49"]
[Site "Internet Chess Club"]
[Date "2011.06.11"]
[Round "5"]
[White "Justi"]
[Black "Geeloo"]
[Result "1-0"]
[WhiteElo "2134"]
[BlackElo "2052"]
[Opening "QGD: Chigorin defense"]
[ECO "D07"]
[Time "16:30:36"]
[TimeControl "2700+45"]

1. d4 d5 2. c4 Nc6 3. Nc3 dxc4 4. d5 Ne5 5. f4 Ng4 6. h3 N4f6 7. e4 e6 8. Bxc4
exd5 9. exd5 Bc5 10. Qb3 Qd6 11. Nge2 Ne7 12. Nb5 Qb6 13. Nec3 Bf2+ 14. Ke2 Bh4
15. Be3 Qa5 16. d6 Nf5 17. Nxc7+ Kf8 18. Qb5 Qxb5 19. Bxb5 Ng3+ 20. Kf3 b6 21.
Bc6 Rb8 22. Rhd1 h5 23. Bf2 Nf5 24. g3 {Black resigns} 1-0

[Event "Team 45 45 League T49"]
[Site "Internet Chess Club"]
[Date "2011.06.12"]
[Round "5"]
[White "bogolijubov"]
[Black "jorobo"]
[Result "1-0"]
[WhiteElo "1824"]
[BlackElo "1956"]
[Opening "Ruy Lopez: exchange, Gligoric variation"]
[ECO "C69"]
[Time "11:45:51"]
[TimeControl "2700+45"]

1. e4 e5 2. Nf3 Nc6 3. Bb5 a6 4. Bxc6 dxc6 5. O-O f6 6. d4 Bg4 7. dxe5 Qxd1 8.
Rxd1 fxe5 9. Rd3 Bd6 10. Nbd2 Nf6 11. Nc4 Bxf3 12. gxf3 O-O-O 13. Bg5 Rhf8 14.
Rad1 h6 15. Bh4 g5 16. Bg3 Nh5 17. Bxe5 Bxe5 18. Rxd8+ Rxd8 19. Rxd8+ Kxd8 20.
Nxe5 Ke7 21. Ng4 Ke6 22. Nxh6 Ke5 23. Nf5 Nf4 24. h4 gxh4 25. Nxh4 c5 26. Kf1 c4
27. Ng2 Ne6 28. Ke2 Nd4+ 29. Kd2 c5 30. Nh4 Kf4 31. c3 Nc6 32. Ke2 b5 33. Ng2+
Ke5 34. Ke3 b4 35. f4+ Ke6 36. f5+ Kf6 37. Nf4 a5 38. Nd5+ Kf7 39. Nb6 Ne5 40.
f4 {Black resigns} 1-0

[Event "Team 45 45 League T49"]
[Site "Internet Chess Club"]
[Date "2011.06.12"]
[Round "5"]
[White "azbycx"]
[Black "perikitosax"]
[Result "1/2-1/2"]
[WhiteElo "1802"]
[BlackElo "2069"]
[Opening "Queen's pawn game"]
[ECO "A46"]
[Time "14:00:26"]
[TimeControl "2700+45"]

1. d4 Nf6 2. Nf3 c5 3. g3 cxd4 4. Nxd4 d5 5. Bg2 e6 6. O-O Be7 7. c4 O-O 8. Qc2
Nc6 9. Nxc6 bxc6 10. Rd1 Ba6 11. b3 Qb6 12. cxd5 cxd5 13. Be3 Qa5 14. Bd4 Rfc8
15. Qb2 Rc7 16. Nc3 Rac8 {Game drawn by mutual agreement} 1/2-1/2

[Event "Team 45 45 League T49"]
[Site "Internet Chess Club"]
[Date "2011.06.11"]
[Round "5"]
[White "CapitanTrueno"]
[Black "az2112"]
[Result "1-0"]
[WhiteElo "1788"]
[BlackElo "1713"]
[Opening "Sicilian: Alapin's variation (2.c3)"]
[ECO "B22"]
[Time "11:03:36"]
[TimeControl "2700+45"]

1. e4 c5 2. c3 d5 3. exd5 Qxd5 4. d4 Nf6 5. Nf3 e6 6. Be3 cxd4 7. cxd4 Bb4+ 8.
Nc3 O-O 9. Bd3 b6 10. O-O Bxc3 11. bxc3 Ba6 12. Bxa6 Nxa6 13. Qa4 Nb8 14. Ne5 b5
15. Qb3 Rc8 16. Rfc1 Nc6 17. c4 bxc4 18. Qxc4 Ne7 19. Qa6 Nd7 20. Rxc8+ Nxc8 21.
Rc1 Ncb6 22. Nc6 Qd6 23. Nxa7 Qb8 24. Nc6 Rxa6 25. Nxb8 Rxa2 26. Nxd7 Nxd7 27.
Rc8+ Nf8 28. h3 f6 29. d5 Kf7 30. Bc5 Nd7 31. Rc7 Ke8 32. dxe6 Nxc5 33. Rxc5 Re2
34. Rc7 g6 35. Rxh7 Rxe6 36. Rg7 g5 37. Kh2 Re7 38. Rxe7+ Kxe7 39. Kg3 Kf7 40.
Kg4 Kg6 41. f4 f5+ 42. Kf3 Kh5 43. fxg5 Kxg5 44. g3 Kg6 45. Kf4 Kf6 46. h4 Ke6
47. Kg5 Ke5 48. h5 Ke6 49. h6 Kf7 50. Kxf5 Kg8 51. Kg6 Kh8 52. g4 Kg8 53. g5 Kh8
54. Kf7 {Black resigns} 1-0

[Event "Team 45 45 League T49"]
[Site "Internet Chess Club"]
[Date "2011.06.11"]
[Round "5"]
[White "cityprosecutor"]
[Black "Tobiasdelmonte"]
[Result "0-1"]
[WhiteElo "1736"]
[BlackElo "1881"]
[Opening "Alekhine's defense: Maróczy variation"]
[ECO "B02"]
[Time "21:07:52"]
[TimeControl "2700+45"]

1. e4 Nf6 2. d3 e5 3. g3 Bc5 4. Bg2 d6 5. h3 O-O 6. Nf3 c6 7. O-O h6 8. Nbd2 Be6
9. Nc4 Bxc4 10. dxc4 Nxe4 11. a3 Nxg3 12. Re1 Qb6 13. Qd2 e4 14. Nh4 Qd8 15. Qf4
Qg5 16. Qxg5 hxg5 17. Bxg5 f6 18. Be3 Bxe3 19. Rxe3 Nh5 20. Rxe4 Nd7 21. Nf5 d5
22. cxd5 g6 23. Ne7+ Kf7 24. dxc6 Ne5 25. cxb7 Rab8 26. Nc8 Rd8 27. Ra4 Rd2 28.
Rxa7 Nf4 29. Ra8 Nd7 30. Nb6 Rxb7 31. Bxb7 Nxb6 32. Ra7 Nxh3+ 33. Kg2 Nf4+ 34.
Kf3 g5 35. Bd5+ Kg6 36. Bf7+ Kf5 37. Ra5+ Nbd5 38. c4 Rd3# {White checkmated}
0-1

[Event "Team 45 45 League T49"]
[Site "Internet Chess Club"]
[Date "2011.06.13"]
[Round "5"]
[White "GreatBendini"]
[Black "dschesq"]
[Result "1-0"]
[WhiteElo "1906"]
[BlackElo "1641"]
[Opening "Sicilian defense"]
[ECO "B40"]
[Time "22:00:51"]
[TimeControl "2700+45"]

1. e4 c5 2. Nf3 e6 3. Nc3 a6 4. Be2 b5 5. O-O Bb7 6. d4 cxd4 7. Nxd4 Nc6 8. a3
Bc5 9. Nb3 Be7 10. Be3 d6 11. Qd2 Nf6 12. f4 Rc8 13. Rad1 h5 14. Qe1 Qc7 15. Qg3
e5 16. Nd5 Qd8 17. Qxg7 Kd7 18. Nc5+ dxc5 19. Nxf6+ {Black resigns} 1-0

[Event "Team 45 45 League T49"]
[Site "Internet Chess Club"]
[Date "2011.06.12"]
[Round "5"]
[White "Kawasaki"]
[Black "Killian"]
[Result "1/2-1/2"]
[WhiteElo "1827"]
[BlackElo "1903"]
[Opening "Sicilian defense"]
[ECO "B30"]
[Time "17:04:11"]
[TimeControl "2700+45"]

1. e4 c5 2. Nf3 Nc6 3. c3 Nf6 4. e5 Nd5 5. d4 cxd4 6. cxd4 e6 7. Bc4 Bb4+ 8.
Nbd2 Nb6 9. Bb3 d5 10. O-O O-O 11. a3 Be7 12. Re1 Nd7 13. Nf1 Qb6 14. Be3 Na5
15. N1d2 Nb8 16. Rb1 Bd7 17. Bc2 Rc8 18. b4 Nc4 19. Nxc4 Rxc4 20. Bb3 Rc8 21.
Bg5 Bxg5 22. Nxg5 h6 23. Nf3 Nc6 24. Rc1 Ne7 25. Rxc8+ Rxc8 26. Qd2 Qc6 27. h3
Qc3 28. Qxc3 Rxc3 29. Re3 Rc1+ 30. Re1 Rxe1+ 31. Nxe1 Bb5 32. a4 Bc4 33. Bxc4
dxc4 34. f3 Nc6 35. Nc2 a6 36. Kf2 b5 37. axb5 axb5 38. Ke3 Ne7 39. Na3 Nd5+ 40.
Ke4 Nc7 41. f4 g6 42. g4 Kf8 43. f5 Ke7 44. fxg6 fxg6 45. h4 Kd7 46. h5 g5 47.
Nc2 Nd5 48. Na3 Kc6 49. Nc2 Nc3+ 50. Ke3 Kd5 51. Na3 Kc6 52. Nc2 {Game drawn by
mutual agreement} 1/2-1/2

[Event "Team 45 45 League T49"]
[Site "Internet Chess Club"]
[Date "2011.06.13"]
[Round "5"]
[White "Gilguli"]
[Black "jps7"]
[Result "1-0"]
[WhiteElo "1415"]
[BlackElo "1686"]
[Opening "QGD: 4.Nf3"]
[ECO "D37"]
[Time "14:09:31"]
[TimeControl "2700+45"]

1. d4 d5 2. Nf3 Nf6 3. c4 e6 4. Nc3 b6 5. e3 Bb7 6. cxd5 exd5 7. Bd3 Be7 8. O-O
O-O 9. b3 Nbd7 10. Bd2 Ne4 11. Be1 f5 12. Rc1 Ba3 13. Rc2 a6 14. Nb1 Bd6 15.
Nfd2 Qh4 16. g3 Qh3 17. f3 Ng5 18. f4 Ne4 19. Nxe4 fxe4 20. Be2 Nf6 21. Rf2 Bc8
22. Bf1 Qh6 23. a3 Bg4 24. Be2 Bh3 25. Qc1 Ng4 26. Bxg4 Bxg4 27. Nc3 Qh5 28. Na2
Bf3 29. Bb4 Qg6 30. Bxd6 cxd6 31. Nb4 Qe6 32. Rc6 a5 33. Nc2 b5 34. Ne1 Bg4 35.
Rfc2 Rfc8 36. Rb6 Rxc2 37. Qxc2 Rc8 38. Qd2 a4 39. Rxb5 Qd7 40. bxa4 Ra8 41. Qb4
Bd1 42. Rb8+ Rxb8 43. Qxb8+ Kf7 44. Qb5 Bxa4 45. Qxd7+ Bxd7 46. Nc2 Ke6 47. Nb4
Ba4 48. Kf2 g6 49. g4 Bb3 50. Kg3 h6 51. Kh4 Kd7 52. f5 gxf5 53. gxf5 Ke7 54.
Kg4 Bd1+ 55. Kf4 Bb3 56. a4 Bxa4 57. Nxd5+ Kf7 58. Nc3 Bc2 59. Nxe4 d5 60. Nc3
Bb3 61. Ke5 Bc2 62. Nxd5 h5 63. h4 Bb1 64. Nf4 Kg7 65. Nxh5+ Kh6 66. Nf6 {Black
resigns} 1-0

[Event "Team 45 45 League T49"]
[Site "Internet Chess Club"]
[Date "2011.06.11"]
[Round "5"]
[White "playwaycool"]
[Black "SlimeDog2"]
[Result "0-1"]
[WhiteElo "2109"]
[BlackElo "2084"]
[Opening "QGD Slav defense: exchange variation"]
[ECO "D13"]
[Time "22:03:00"]
[TimeControl "2700+45"]

1. d4 d5 2. c4 c6 3. cxd5 cxd5 4. Nf3 Nc6 5. Nc3 Nf6 6. Bf4 Nh5 7. Bg3 e6 8. a3
Nxg3 9. hxg3 Bd7 10. e3 Rc8 11. Rc1 Bd6 12. Bd3 g6 13. e4 dxe4 14. Nxe4 Be7 15.
Nc5 Nxd4 16. Nxd7 Nxf3+ 17. Qxf3 Rxc1+ 18. Ke2 Rxh1 19. Bb5 Re1+ 20. Kxe1 Qa5+
21. b4 Qxb5 22. Qc3 Kxd7 23. Qxh8 a5 24. Qxh7 axb4 25. Qxf7 bxa3 {White resigns}
0-1

[Event "Team 45 45 League T49"]
[Site "Internet Chess Club"]
[Date "2011.06.08"]
[Round "5"]
[White "dacarrelli"]
[Black "ChessAuthor"]
[Result "1-0"]
[WhiteElo "1673"]
[BlackElo "1713"]
[Opening "Alekhine's defense: modern variation, 4...Bg4"]
[ECO "B05"]
[Time "21:00:53"]
[TimeControl "2700+45"]

1. e4 Nf6 2. e5 Nd5 3. d4 d6 4. Nf3 Bg4 5. Be2 Nc6 6. c4 Nb6 7. exd6 exd6 8. b3
Be7 9. Bb2 d5 10. Nbd2 O-O 11. h3 Bxf3 12. Nxf3 Bb4+ 13. Kf1 Re8 14. c5 Nd7 15.
a3 Ba5 16. b4 Nxb4 17. axb4 Bxb4 18. Qb3 a5 19. Ba3 Bxa3 20. Rxa3 Nf6 21. Bd3
Ne4 22. Bxe4 dxe4 23. Ne5 Qxd4 24. Nxf7 Qd3+ 25. Qxd3 exd3 26. Ng5 d2 27. Ra1
Rad8 28. Rd1 a4 29. f3 Re5 30. Ne4 a3 31. Ke2 Rdd5 32. Rxd2 Rxc5 33. Ra1 Ra5 34.
Rda2 b5 35. Rxa3 Rxa3 36. Rxa3 c5 37. Ra5 c4 38. Kd2 Rd5+ 39. Kc2 h6 40. Nc3 Rg5
41. g4 b4 42. Rxg5 hxg5 43. Nd5 b3+ 44. Kc3 Kf7 45. Kxc4 b2 46. Nc3 Ke6 47. Kd4
g6 48. Nb1 Kd6 49. Kc3 Ke5 50. Kxb2 Kf4 51. Nd2 Kg3 52. Kc3 Kxh3 53. Kd4 Kg3 54.
Ke3 Kg2 55. Ne4 Kh3 56. Nxg5+ Kh4 57. Ne4 Kh3 58. Kf4 Kh4 59. Nf6 g5+ 60. Kf5
{Black resigns} 1-0

[Event "Team 45 45 League T49"]
[Site "Internet Chess Club"]
[Date "2011.06.11"]
[Round "5"]
[White "tryanything"]
[Black "Nathan826"]
[Result "1-0"]
[WhiteElo "1606"]
[BlackElo "1647"]
[Opening "King's Indian, 3.Nf3"]
[ECO "E60"]
[Time "21:00:23"]
[TimeControl "2700+45"]

1. d4 Nf6 2. Nf3 g6 3. c4 d6 4. e3 Bg7 5. Nc3 O-O 6. Be2 Nbd7 7. O-O e5 8. dxe5
dxe5 9. Qc2 Re8 10. e4 c6 11. b3 Qa5 12. Bd2 Qc7 13. Rad1 a5 14. a4 Nc5 15. h3
Ne6 16. Be3 Nf4 17. Bc5 Be6 18. Bd6 Qb6 19. Rb1 N6h5 20. c5 Qa7 21. Bc4 Bf8 22.
Nxe5 Bxd6 23. cxd6 Bxh3 24. Bxf7+ Kf8 25. Bxe8 Rxe8 26. d7 Rd8 27. gxh3 Qc5 28.
Nf3 Qxc3 29. Qxc3 Ne2+ 30. Kh2 Nxc3 31. Rbc1 Nxe4 32. Ne5 Nd2 33. Rfd1 Nxb3 34.
Rc3 Na1 35. Rxa1 Nf6 36. Rf3 Ke7 37. Re1 {Black resigns} 1-0

[Event "Team 45 45 League T49"]
[Site "Internet Chess Club"]
[Date "2011.06.12"]
[Round "5"]
[White "oldsj"]
[Black "mongmong"]
[Result "0-1"]
[WhiteElo "1551"]
[BlackElo "1623"]
[Opening "French: exchange variation"]
[ECO "C01"]
[Time "15:03:42"]
[TimeControl "2700+45"]

1. e4 e6 2. d4 d5 3. exd5 exd5 4. c4 c6 5. Nc3 Nf6 6. Bd3 Be6 7. c5 Be7 8. Nf3
Bg4 9. h3 Bh5 10. O-O O-O 11. a4 Nbd7 12. b4 Re8 13. b5 Bf8 14. Be2 Ne4 15. Nxe4
Rxe4 16. Be3 Re8 17. Nh2 Bxe2 18. Qxe2 Nf6 19. Nf3 Ne4 20. bxc6 bxc6 21. Ne5 Qc8
22. Rfb1 Nc3 23. Qf3 f6 24. Rb3 fxe5 25. Rxc3 exd4 26. Bxd4 Qd7 27. Rb1 Rab8 28.
Rcb3 Rxb3 29. Qxb3 Qc7 30. Qb7 Re1+ 31. Rxe1 Qxb7 {White resigns} 0-1

[Event "Team 45 45 League T49"]
[Site "Internet Chess Club"]
[Date "2011.06.14"]
[Round "5"]
[White "seattleblues"]
[Black "stan-beers"]
[Result "0-1"]
[WhiteElo "1453"]
[BlackElo "1472"]
[Opening "Queen's pawn game"]
[ECO "A46"]
[Time "21:01:10"]
[TimeControl "2700+45"]

1. d4 Nf6 2. Nf3 d6 3. Nbd2 Nbd7 4. e4 e5 5. Bc4 h6 6. c3 Nb6 7. Bb3 Bg4 8. Qc2
Nbd7 9. O-O Be7 10. h3 Bh5 11. Nh4 O-O 12. Nf5 Bg6 13. Nxe7+ Qxe7 14. Re1 b5 15.
a4 c6 16. axb5 cxb5 17. Qb1 a6 18. Bc2 Nb6 19. b3 Qc7 20. Bb2 Rfc8 21. dxe5 dxe5
22. Nf3 Nbd7 23. Nh4 Bh7 24. Nf5 Bxf5 25. exf5 Re8 26. Ra2 Qc5 27. Qa1 Qd6 28.
Ba3 Qc7 29. Bb4 Nc5 30. Ba3 e4 31. Qc1 Nd3 32. Bxd3 exd3 33. Rxe8+ Rxe8 34. Rd2
Qd7 35. Qf1 Rd8 36. f3 Qxf5 37. Be7 Rd7 38. Bxf6 gxf6 39. Qf2 Qe5 40. Qb6 Qe1+
41. Kh2 Qxd2 42. Qb8+ Kh7 43. Qe8 Qf4+ 44. Kg1 Qd6 45. Qe4+ Kg7 46. Qg4+ Kf8 47.
Qh5 f5 48. Qxf5 d2 {White resigns} 0-1